 Dungeon Crawl Stone Soup version 0.30-a0-920-g7493c07aab (webtiles) character file.

Game seed: 7031497469270144221

115238 bobo the Eclecticist (level 16, -3/138 HPs)
             Began as a Mummy Conjurer on Mar 17, 2023.
             Was the Champion of Vehumet.
             Slain by an eight-headed hydra (4 damage)
             ... called by a spriggan druid
             ... on level 3 of the Swamp on Mar 21, 2023.
             The game lasted 02:18:52 (29859 turns).

bobo the Eclecticist (Mummy Conjurer)              Turns: 29859, Time: 02:18:53

Health: -3/138     AC: 15    Str: 17 (18) XL:     16   Next: 18%
Magic:  38/46      EV: 12    Int: 25 (26) God:    Vehumet [******]
Gold:   2058       SH:  7    Dex:  9 (13) Spells: 0/49 levels left

rFire   x x .      SeeInvis .    g - +5 dagger of the Holding Pariah {heavy, rElec Str+3 Int+3}
rCold   + + +      Faith    +    u - +3 buckler
rNeg    + + +      Spirit   .    y - +2 steam dragon scales
rPois   ∞          Reflect  .    b - +2 helmet
rElec   +          Rampage  .    (no cloak)
rCorr   .                        v - +0 pair of gloves
Will    +++..                    C - +3 pair of mountain boots {steadfast, rC+}
Stlth   +                        n - amulet of magic regeneration
HPRegen 0.43/turn                j - ring of magical power
MPRegen 0.70/turn                E - ring of Suspicion {Ice +Blink Will+ Str+3 Dex+2}

@: spewing sludge, very slow
A: cold resistance 1, negative energy resistance 3, torment resistance 2, heat
vulnerability 1, in touch with death 2, no potions, faith
a: Renounce Religion, Evoke Blink


You were on level 3 of the Swamp.
You worshipped Vehumet.
Vehumet was exalted by your worship.
You visited 5 branches of the dungeon, and saw 23 of its levels.
You also visited: Ossuary, Bailey and Ice Cave.

You collected 2362 gold pieces.
You spent 304 gold pieces at shops.

Inventory:

Hand Weapons
 g - the +5 dagger of the Holding Pariah (weapon) {heavy, rElec Str+3 Int+3}
   (You found it on level 5 of the Lair of Beasts)

   Str:       It affects your strength (+3).
   Int:       It affects your intelligence (+3).
   rElec:     It insulates you from electricity.
 s - the +9 hand axe "Tiumi" {vamp, Str+3 Dex+3}
   (You found it on level 2 of the Lair of Beasts)

   Str:       It affects your strength (+3).
   Dex:       It affects your dexterity (+3).
Missiles
 t - 3 throwing nets
Armour
 b - a +2 helmet (worn)
 u - a +3 buckler (worn)
 v - a +0 pair of gloves (worn)
 y - +2 steam dragon scales (worn)
 B - the +3 kite shield "Xoitrudo" {rC+}
   (You bought it in a shop on level 11 of the Dungeon)

   rC:        It protects you from cold.
 C - the +3 pair of mountain boots (worn) {steadfast, rC+}
   (You found it on level 5 of the Lair of Beasts)

   Steadfast: It prevents involuntary movement, except for blinking,
   teleportation, or banishment.
   rC:        It protects you from cold.
Jewellery
 f - a +5 ring of evasion
 j - a ring of magical power (left hand)
 n - an amulet of magic regeneration (around neck)
 x - a +6 ring of intelligence
 E - the ring of Suspicion (right hand) {Ice +Blink Will+ Str+3 Dex+2}
   (You took it off an orc priest on level 9 of the Dungeon)

   [ring of ice]

   It enhances your ice magic.
   Str:       It affects your strength (+3).
   Dex:       It affects your dexterity (+2).
   rF:        It makes you vulnerable to fire.
   rC:        It protects you from cold.
   +Blink:    It lets you blink.
   Will:      It increases your willpower.
Wands
 a - a wand of roots (2)
 o - a wand of mindburst (7)
 w - a wand of charming (13)
 z - a wand of flame (19)
 A - a wand of acid (1)
 G - a wand of digging (5)
 K - a wand of polymorph (5)
Scrolls
 c - 10 scrolls of teleportation
 e - a scroll of fog
 h - a scroll of brand weapon
 i - 2 scrolls of torment
 k - 4 scrolls of magic mapping
 l - 2 scrolls of poison
 m - 9 scrolls of identify
 q - 2 scrolls of fear
 r - 4 scrolls of immolation
 F - 2 scrolls of butterflies
 I - a scroll of enchant weapon
Miscellaneous
 J - a condenser vane


   Skills:
 - Level 15.9 Fighting
 + Level 4.3 Dodging
 - Level 1.9 Stealth
 - Level 5.0 Shields
 + Level 17.0 Spellcasting
 - Level 11.3 Conjurations
 - Level 5.3 Hexes
 + Level 0.4 Summonings
 - Level 6.2 Transmutations
 - Level 5.0 Fire Magic
 - Level 2.2 Air Magic
 - Level 9.3 Earth Magic
 - Level 6.3 Poison Magic


You couldn't memorise any spells.
You knew the following spells:

 Your Spells              Type           Power      Damage    Failure   Level
a - Fireball              Conj/Fire      29%        3d13      1%          5
b - Foxfire               Conj/Fire      100%       2x1d9     1%          1
c - Mephitic Cloud        Conj/Pois/Air  53%        N/A       1%          3
e - Eringya's Noxious Bo  Tmut/Pois      25%        N/A       10%         6
f - Spellforged Servitor  Conj/Summ      25%        N/A       50%         7
q - Olgreb's Toxic Radia  Pois           52%        N/A       1%          4
r - Swiftness             Air            32%        N/A       3%          3
s - Searing Ray           Conj           100%       2d8       1%          2
w - Ignite Poison         Fire/Tmut/Pois 50%        N/A       1%          3
x - Fulminant Prism       Conj/Hex       29%        3d13      1%          4
y - Yara's Violent Unrav  Hex/Tmut       25%        3d11      2%          5
z - Iron Shot             Conj/Erth      32%        9d7       1%          6

Your spell library contained the following spells:

 Spells                   Type           Power      Damage    Failure   Level
 Maxwell's Capacitive Co  Air            16%        ∞         100%        8
 Freeze                   Ice            100%       1d10      1%          1
 Magic Dart               Conj           100%       1d8       1%          1
 Shock                    Conj/Air       100%       1d9       1%          1
 Ensorcelled Hibernation  Hex/Ice        100%       N/A       1%          2
 Poisonous Vapours        Pois/Air       84%        N/A       1%          2
 Dazzling Flash           Conj/Hex       100%       N/A       1%          3
 Hailstorm                Conj/Ice       65%        3d14      1%          3
 Kindle Blastsparks       Fire/Tloc/Air  66%        2d15      1%          3
 Tukima's Dance           Hex            47%        N/A       1%          3
 Iskenderun's Mystic Bla  Conj/Tloc      49%        2d11      1%          4
 Leda's Liquefaction      Hex/Erth       27%        N/A       1%          4
 Lee's Rapid Deconstruct  Erth           30%        3d16*     1%          5
 Frozen Ramparts          Ice            62%        1d10      2%          3
 Summon Guardian Golem    Hex/Summ       35%        N/A       2%          3
 Apportation              Tloc           42%        N/A       3%          1
 Call Imp                 Summ           23%        N/A       3%          2
 Portal Projectile        Hex/Tloc       68%        N/A       3%          3
 Airstrike                Air            16%        2d(3-19)  3%          4
 Freezing Cloud           Conj/Ice/Air   30%        6-21      3%          5
 Animate Armour           Summ/Erth      90%        N/A       4%          4
 Starburst                Conj/Fire      29%        6d9       4%          6
 Vhi's Electric Charge    Tloc/Air       52%        N/A       6%          3
 Alistair's Intoxication  Tmut/Pois      34%        N/A       6%          5
 Orb of Destruction       Conj           33%        9d10      7%          7
 Anguish                  Hex/Necr       33%        N/A       10%         4
 Silence                  Hex/Air        20%        N/A       19%         5
 Passage of Golubria      Tloc           21%        N/A       30%         4
 Lehudib's Crystal Spear  Conj/Erth      32%        10d8      54%         8
 Enfeeble                 Hex            23%        N/A       96%         7
 Simulacrum               Ice/Necr       32%        N/A       99%         6
 Ignition                 Fire           23%        3d8       99%         8
 Blade Hands              Tmut           Unusable   N/A       N/A         5
 Ice Form                 Ice/Tmut       Unusable   N/A       N/A         4
 Statue Form              Tmut/Erth      Unusable   N/A       N/A         6

Dungeon Overview and Level Annotations

Branches:
Dungeon (12/15)            Temple (1/1) D:5            Lair (5/5) D:8
  Swamp (3/4) Lair:3       Spider (2/4) Lair:3        Slime (0/5) Lair:4
    Orc (0/2) D:10        Ossuary (visited)          Bailey (visited)
  IceCv (visited)

Altars:
Ashenzari
Cheibriados
Dithmenos
Gozag
Hepliaklqana
Kikubaaqudgha
Nemelex Xobeh
Qazlal
Ru
Trog
Uskayaw
Vehumet
Wu Jian
Yredelemnul

Shops:
D:5 :=   D:10 [   D:11 *

Annotations:
D:3 Ijyb
D:12 Azrael
Swamp:1 1 runed translucent door, patfeehan111222's ghost, adept MiBe


Innate Abilities, Weirdness & Mutations

You are immune to poison.
Your flesh is cold resistant. (rC+)
You are immune to negative energy. (rN+++)
You are immune to unholy pain and torment.
You are vulnerable to heat. (rF-)
You are strongly in touch with the powers of death.
You do not drink.
You have a special connection with the divine. (Faith)


Message History

The alligator festers in the toxic bog!
The alligator looks as sick as possible!
You block the alligator's attack. x2
The eight-headed hydra festers in the toxic bog!
The eight-headed hydra is poisoned.
The eight-headed hydra bites you! The eight-headed hydra bites you.
The eight-headed hydra bites you but does no damage.
The eight-headed hydra closely misses you.
The eight-headed hydra misses you.
The eight-headed hydra barely misses you. x2
The eight-headed hydra bites you!!
Casting: Ignite Poison (safe; 1% risk of failure)
Confirm with . or Enter, or press ? or * to list all spells.
Aiming: Iron Shot (dangerous; 1% risk of failure)
Press: ? - help, Shift-Dir - straight line, f - vampire mosquito
Aim: a vampire mosquito (steam, 57% to hit)
The iron shot hits the vampire mosquito!!!
You destroy the vampire mosquito!
Vehumet accepts your kill.
You feel your power returning.
The alligator is engulfed in a cloud of scalding steam.
The alligator festers in the toxic bog!
The alligator looks as sick as possible!
You kill the alligator!
Vehumet accepts your kill.
You feel your power returning.
The eight-headed hydra festers in the toxic bog!
The eight-headed hydra looks as sick as possible!
You block the eight-headed hydra's attack.
The eight-headed hydra bites you but does no damage.
The eight-headed hydra bites you!
* * * LOW HITPOINT WARNING * * *
The eight-headed hydra bites you!!
* * * LOW HITPOINT WARNING * * *
The eight-headed hydra bites you.
* * * LOW HITPOINT WARNING * * *
The eight-headed hydra bites you.
* * * LOW HITPOINT WARNING * * *
The eight-headed hydra bites you.
You die...

...♣..wy~~ §♣♣
♣~♣~~.~ ~. ♣. .
...~~~.~
♣.~~.~~~~.~~~~~.~
♣.~~~♣~♣~♣.♣~♣~..~
♣♣...~○~~.....>~~..
♣♣♣♣.~♣.~○§§~)♣ ..
♣~~~~♣§○○~...♣ ..
♣~~~~@○~~○.~~♣ ..
♣.~.~§D~~~.~~♣ ~~
♣.♣♣♣.~~♣~~~..♣ ♣♣
.i ♣.○°§~~~.♣♣
♣♣.♣.~
♣.~~~~~~.♣♣♣♣♣.♣...
♣.~~~.[..~♣♣.♣♣.♣.~
♣.~...~~.~♣....♣~♣.
♣.~..♣♣~.~.(i~..♣.♣
♣...~♣♣♣♣...~♣♣♣.♣.


You could see an eight-headed hydra (strong, extremely poisoned).

Vanquished Creatures
  Donald (Spider:2)
  A frost giant (IceCv)
  A ghost moth (Spider:1)
  A dire elephant (Lair:5)
  2 eleionomae
  A bunyip (Swamp:2)
  Nessos (Lair:5)
  A spark wasp (Spider:1)
  A fire dragon (Lair:5)
  2 entropy weavers
  Fannar (Lair:1)
  10 hydras
  A jorogumo (Spider:1)
  5 ghost crabs
  2 catoblepae
  A death knight (D:11)
  6 boulder beetles
  8 death yaks
  4 alligators
  A two-headed ogre (D:10)
  A skeletal warrior (D:11)
  4 goliath frogs
  2 pharaoh ants (Spider:2)
  A skyshark (Lair:2)
  An orange crystal statue (D:10)
  7 spriggan druids
  4 lindwurms (Lair:5)
  A swamp dragon (Swamp:1)
  4 bog bodies
  An orb spider (shapeshifter) (Spider:1)
  2 orb spiders
  An orc knight (Bailey)
  3 cyclopes
  2 will-o-the-wisps
  An oklob plant (Lair:4)
  9 wolf spiders
  5 manticores
  2 ugly things
  2 moths of wrath
  An ice statue (IceCv)
  3 elephants (Lair:3)
  4 black mambas
  2 gargoyles
  3 demonic crawlers
  9 torpor snails
  10 cane toads
  Maggie (Lair:2)
  5 rime drakes
  4 komodo dragons
  4 kobold demonologists
  2 freezing wraiths (D:11)
  A queen bee (Lair:3)
  6 polar bears
  4 trolls
  19 dream sheep
  10 tyrant leeches
  8 tarantellas
  19 hornets
  11 blink frogs
  2 slime creatures
  Prince Ribbit (Lair:2)
  2 culicivoras
  A shadow (D:12)
  14 jumping spiders
  53 yaks
  12 spriggans
  3 hogs (D:10)
  5 wraiths
  A basilisk (Lair:5)
  4 wyverns
  13 vampire mosquitoes
  A human (D:10)
  5 redbacks
  A steam dragon (D:9)
  8 swamp worms
  An acid dragon (D:9)
  15 water moccasins
  4 orc warriors
  5 ice beasts
  2 sky beasts (D:7)
  An ogre (D:4)
  A swamp drake (Swamp:1)
  A black bear (D:8)
  46 wolves
  9 centaurs
  2 phantoms
  8 kobold brigands
  11 bullfrogs
  A scorpion (D:4)
  2 gnoll sergeants
  2 water moccasin zombies (Ossuary)
  11 wights
  29 killer bees
  4 electric eels
  A howler monkey (D:7)
  3 centaur zombies (Ossuary)
  2 bullfrog zombies (Ossuary)
  7 jellies
  5 gnoll boudas
  7 orc priests
  A hound (D:5)
  3 iguanas
  Natasha (thrice) (D:2)
  7 orc wizards
  An ogre zombie (Ossuary)
  A mummy (Ossuary)
  35 gnolls
  10 adders
  2 white imps
  2 adder zombies (Ossuary)
  A worm (D:3)
  A dart slug (D:3)
  42 orcs
  2 bats (D:1)
  2 endoplasms
  2 giant cockroaches
  2 gnoll zombies (Ossuary)
  7 goblins
  3 hobgoblins
  11 jackals
  29 kobolds
  2 quokkas
  8 ball pythons
  A frilled lizard (D:3)
  A goblin zombie (Ossuary)
  5 hobgoblin zombies (Ossuary)
  3 orc zombies (Ossuary)
  5 rats
  A foxfire (Ossuary)
729 creatures vanquished.

Vanquished Creatures (others)
  4 bushes (Lair:3)
  249 foxfires
  92 fulminant prisms
  9 fungi
  110 plants
  2 withered plants (Swamp:1)
466 creatures vanquished.

Grand Total: 1195 creatures vanquished

Notes
Turn   | Place    | Note
-------+----------+-------------------------------------------
     0 | D:1      | bobo the Mummy Conjurer began the quest for the Orb.
     0 | D:1      | Reached XP level 1. HP: 13/13 MP: 4/4
   414 | D:1      | Reached skill level 3 in Spellcasting
   414 | D:1      | Reached XP level 2. HP: 19/19 MP: 1/6
   417 | D:1      | Learned a level 2 spell: Searing Ray
  1468 | D:2      | Noticed Natasha
  1481 | D:2      | Killed Natasha
  1482 | D:2      | Reached skill level 1 in Fighting
  1482 | D:2      | Gained mutation: You are in touch with the powers of death.
                  | [Mummy growth]
  1482 | D:2      | Reached XP level 3. HP: 20/26 MP: 0/8
  1486 | D:2      | Learned a level 3 spell: Dazzling Flash
  1923 | D:2      | Reached XP level 4. HP: 26/32 MP: 3/9
  1929 | D:2      | Reached skill level 4 in Spellcasting
  1938 | D:2      | Learned a level 4 spell: Fulminant Prism
  2192 | D:2      | Noticed Natasha
  2206 | D:2      | Killed Natasha
  2207 | D:2      | Reached XP level 5. HP: 38/38 MP: 6/11
  2222 | D:2      | Noticed Natasha
  2226 | D:2      | Killed Natasha
  2227 | D:2      | Reached skill level 1 in Hexes
  2405 | D:2      | Found a faded altar of an unknown god.
  2979 | D:3      | Noticed Ijyb
  3575 | D:4      | Reached XP level 6. HP: 46/46 MP: 4/13
  3688 | D:4      | Noticed an ice beast
  3736 | D:4      | Killed an ice beast
  3737 | D:4      | Reached skill level 5 in Spellcasting
  4079 | D:4      | Reached XP level 7. HP: 52/52 MP: 2/15
  4212 | D:4      | Learned a level 3 spell: Swiftness
  5143 | D:5      | Entered Level 5 of the Dungeon
  5626 | D:5      | Reached skill level 6 in Spellcasting
  5626 | D:5      | Reached skill level 5 in Conjurations
  6024 | D:5      | Reached XP level 8. HP: 55/61 MP: 4/17
  6174 | D:5      | Found a staircase to the Ecumenical Temple.
  6190 | D:5      | Found Noketsix's Jewellery Shoppe.
  6203 | Temple   | Entered the Ecumenical Temple
  6216 | Temple   | Became a worshipper of Vehumet
  6291 | D:5      | Found Offet's Book Shoppe.
  6668 | D:5      | Learned a level 3 spell: Mephitic Cloud
  6867 | D:6      | Found a sand-covered staircase.
  6902 | Ossuary  | Entered an ossuary
  7309 | Ossuary  | Reached * piety under Vehumet
  7309 | Ossuary  | Offered knowledge of Foxfire by Vehumet.
  7312 | Ossuary  | Learned a level 1 spell: Foxfire
  7414 | Ossuary  | Reached skill level 5 in Fighting
  7513 | Ossuary  | Reached skill level 7 in Spellcasting
  7736 | Ossuary  | Noticed a silent spectre
  8227 | D:6      | Found an ornate altar of the Wu Jian Council.
  8367 | D:6      | Found a hazy altar of Hepliaklqana.
  8900 | D:7      | Offered knowledge of Momentum Strike by Vehumet.
  8929 | D:6      | Reached ** piety under Vehumet
  8930 | D:6      | Reached XP level 9. HP: 28/69 MP: 1/20
  9068 | D:6      | Learned a level 6 spell: Iron Shot
  9550 | D:7      | Reached skill level 5 in Hexes
  9566 | D:7      | Reached skill level 8 in Spellcasting
 10170 | D:7      | Upgraded the game from 0.30-a0-883-g5ad918d77d to
                  | 0.30-a0-918-g0ff054e9dc
 10362 | D:8      | Noticed a kobold demonologist
 10366 | D:8      | Noticed a rust devil
 10369 | D:8      | Killed a kobold demonologist
 10370 | D:8      | Reached skill level 1 in Earth Magic
 10374 | D:8      | Noticed a kobold demonologist
 10385 | D:8      | Killed a kobold demonologist
 10514 | D:8      | Reached skill level 9 in Spellcasting
 10527 | D:8      | Noticed a troll
 10684 | D:8      | Offered knowledge of Inner Flame by Vehumet.
 10769 | D:8      | Killed a troll
 10774 | D:8      | Reached XP level 10. HP: 72/79 MP: 6/23
 10935 | D:8      | Found a staircase to the Lair.
 11004 | D:8      | Reached *** piety under Vehumet
 11482 | D:9      | Reached skill level 1 in Shields
 11544 | D:9      | Found a snail-covered altar of Cheibriados.
 11641 | D:9      | Found a flagged portal.
 11644 | D:9      | Offered knowledge of Ignite Poison by Vehumet.
 11656 | D:9      | Learned a level 3 spell: Ignite Poison
 11657 | Bailey   | Entered a bailey
 11860 | Bailey   | Noticed an orc knight
 11865 | Bailey   | Killed an orc knight
 12518 | D:9      | Reached **** piety under Vehumet
 12539 | D:9      | Noticed a boulder beetle
 12548 | D:9      | Noticed a cyclops
 12730 | D:9      | Offered knowledge of Olgreb's Toxic Radiance by Vehumet.
 12754 | D:9      | Reached skill level 10 in Spellcasting
 12763 | D:9      | Learned a level 4 spell: Olgreb's Toxic Radiance
 12859 | D:9      | Noticed a six-headed hydra
 12875 | D:9      | Noticed a cyclops
 13060 | Lair:1   | Entered Level 1 of the Lair of Beasts
 13235 | Lair:1   | Reached XP level 11. HP: 81/87 MP: 15/25
 13625 | Lair:1   | Noticed Fannar
 13636 | Lair:1   | Killed Fannar
 13800 | Lair:1   | Reached ***** piety under Vehumet
 13806 | Lair:1   | Offered knowledge of Fireball by Vehumet.
 13950 | Lair:1   | Got Ymyluih's Folio of Weather
 14374 | Lair:2   | Noticed Maggie
 14381 | Lair:2   | Killed Maggie
 14382 | Lair:2   | Reached skill level 1 in Fire Magic
 14719 | Lair:2   | Reached skill level 11 in Spellcasting
 14813 | Lair:2   | Reached skill level 5 in Earth Magic
 14933 | Lair:2   | Reached skill level 10 in Fighting
 14936 | Lair:2   | Noticed Prince Ribbit
 14941 | Lair:2   | Killed Prince Ribbit
 15021 | Lair:2   | Identified the +9 hand axe "Tiumi" {vamp, Str+3 Dex+3}
 15025 | Lair:2   | Identified the +5 war axe "Wycraliw" {drain, Dex+2}
 15424 | Lair:2   | Learned a level 5 spell: Fireball
 15503 | Lair:2   | Noticed a skyshark
 15512 | Lair:2   | Noticed an eight-headed hydra
 15513 | Lair:2   | Killed a skyshark
 15537 | Lair:2   | Killed a nine-headed hydra
 15841 | Lair:3   | Found an opulent altar of Gozag.
 15874 | Lair:3   | Noticed a four-headed hydra
 15876 | Lair:3   | Reached XP level 12. HP: 99/99 MP: 23/27
 15882 | Lair:3   | Killed a four-headed hydra
 16041 | Lair:3   | Reached skill level 5 in Shields
 16261 | Lair:3   | Reached skill level 12 in Spellcasting
 16473 | Lair:3   | Found a staircase to the Swamp.
 16695 | Lair:3   | Reached skill level 1 in Poison Magic
 16789 | Lair:3   | Offered knowledge of Irradiate by Vehumet.
 16892 | Lair:3   | Found a hole to the Spider Nest.
 17057 | Lair:4   | Noticed a five-headed hydra
 17060 | Lair:4   | Killed a five-headed hydra
 17357 | Lair:4   | Found a staircase to the Slime Pits.
 17414 | Lair:4   | Identified the +4 hand axe of the Ecumenical Temple {chaos,
                  | rCorr}
 17465 | Lair:4   | Noticed a catoblepas
 17470 | Lair:4   | Noticed a death yak
 17472 | Lair:4   | Killed a catoblepas
 17474 | Lair:4   | Killed a death yak
 17537 | Lair:4   | Gained mutation: You are strongly in touch with the powers
                  | of death. [Mummy growth]
 17537 | Lair:4   | Reached XP level 13. HP: 108/108 MP: 21/29
 17934 | Lair:5   | Entered Level 5 of the Lair of Beasts
 17936 | Lair:5   | Identified the +0 ring mail of Ulirof {Contam +Blink Dex+4}
 18131 | Lair:5   | Upgraded the game from 0.30-a0-918-g0ff054e9dc to
                  | 0.30-a0-920-g7493c07aab
 18266 | Lair:5   | Reached skill level 5 in Fire Magic
 18365 | Lair:5   | Reached skill level 13 in Spellcasting
 18563 | Lair:5   | Offered knowledge of Yara's Violent Unravelling by Vehumet.
 18580 | Lair:5   | Learned a level 5 spell: Yara's Violent Unravelling
 18920 | Lair:5   | Reached skill level 10 in Conjurations
 19135 | Lair:5   | Noticed a dire elephant
 19145 | Lair:5   | Killed a dire elephant
 19149 | Lair:5   | Found the +3 pair of mountain boots {steadfast, rC+}
 19170 | Lair:5   | Identified the +5 dagger of the Holding Pariah {heavy,
                  | rElec Str+3 Int+3}
 19616 | Lair:5   | Found a runed translucent door.
 19931 | Lair:5   | Noticed a fire dragon
 19935 | Lair:5   | Killed a fire dragon
 19936 | Lair:5   | Reached skill level 1 in Transmutations
 20244 | Lair:5   | Reached XP level 14. HP: 120/120 MP: 19/31
 20261 | Lair:5   | Noticed Nessos
 20356 | Lair:5   | Killed Nessos
 20786 | D:9      | Identified the ring of Suspicion {Ice +Blink Will+ Str+3
                  | Dex+2}
 20852 | D:9      | Reached skill level 14 in Spellcasting
 21297 | D:9      | Found a basalt altar of Yredelemnul.
 21394 | D:10     | Entered Level 10 of the Dungeon
 21431 | D:10     | Found a staircase to the Orcish Mines.
 21674 | D:10     | Found Faabop's Armour Boutique.
 21685 | D:10     | Reached ****** piety under Vehumet
 22194 | D:10     | Identified the +9 quarterstaff of Trauma {flame, *Rage rF-
                  | rN+++ rCorr}
 22299 | D:11     | Found a frozen archway.
 22305 | IceCv    | Entered an ice cave
 22672 | IceCv    | Offered knowledge of Eringya's Noxious Bog by Vehumet.
 22717 | IceCv    | Reached skill level 1 in Air Magic
 22732 | IceCv    | Noticed a frost giant
 22740 | IceCv    | Killed a frost giant
 22741 | IceCv    | Reached skill level 15 in Fighting
 22836 | IceCv    | Got the Vademecum on Charred Glaciation
 22838 | IceCv    | Got the Parchment of the Spatial Icicle
 22971 | D:11     | Learned a level 6 spell: Eringya's Noxious Bog
 23024 | D:11     | Identified the +1 robe of the Ecumenical Temple {Rampage
                  | rElec}
 23654 | D:11     | Found Qigueme's Assorted Antiques.
 23662 | D:11     | Bought a transparent kite shield for 304 gold pieces
 23662 | D:11     | Identified the +3 kite shield "Xoitrudo" {rC+} (You bought
                  | it in a shop on level 11 of the Dungeon)
 24314 | D:12     | Noticed Azrael
 24851 | Swamp:1  | Entered Level 1 of the Swamp
 24851 | Swamp:1  | Found a runed translucent door.
 25071 | Swamp:1  | Reached XP level 15. HP: 60/129 MP: 33/33
 25168 | Swamp:1  | Reached skill level 15 in Spellcasting
 25324 | Swamp:1  | Offered knowledge of Conjure Ball Lightning by Vehumet.
 25407 | Swamp:1  | Noticed patfeehan111222's ghost (adept MiBe)
 26265 | Swamp:2  | Identified the +4 glaive of Asey {elec, *Corrode rC+
                  | Stlth+}
 26444 | Swamp:2  | Reached skill level 5 in Poison Magic
 26448 | Swamp:2  | Reached skill level 5 in Transmutations
 27102 | Swamp:2  | Got the Textbook on the Distorted Pyromaniac
 27371 | Swamp:3  | Offered knowledge of Plasma Beam by Vehumet.
 27847 | Spider:1 | Entered Level 1 of the Spider Nest
 27918 | Spider:1 | Reached skill level 16 in Spellcasting
 28842 | Spider:2 | Reached XP level 16. HP: 138/138 MP: 35/36
 29038 | Spider:2 | Noticed Donald
 29045 | Spider:2 | Killed Donald
 29317 | Spider:2 | Offered knowledge of Maxwell's Capacitive Coupling by
                  | Vehumet.
 29381 | Spider:2 | Reached skill level 17 in Spellcasting
 29389 | Spider:2 | Learned a level 7 spell: Spellforged Servitor
 29859 | Swamp:3  | HP: 6/138 [eight-headed hydra[a spriggan druid] (22)]
 29859 | Swamp:3  | HP: 2/138 [eight-headed hydra[a spriggan druid] (4)]
 29859 | Swamp:3  | Slain by an eight-headed hydra

Illustrated notes

Levels and vault maps discovered:
D:1:      sevenhm_arrival_forest_fort_small_4, layout_basic,
          chequers_serial_rivers_room_b, hex_large
D:2:      layout_basic, nicolae_ecumenical_pavilion, uniq_natasha
D:3:      layout_basic, minmay_misc_feat_square, uniq_ijyb
D:4:      layout_basic
D:5:      layout_basic, minmay_temple_entry_large_hall, serial_shops, shop,
          nicolae_stop_n_shop_2, hangedman_decor_lopped,
          guppyfry_early_lair_pool
D:6:      layout_rooms, nicolae_overflow_squiral, kennysheep_little_box,
          enter_ossuary_1, chequers_serial_rivers_micro_b, chequers_arboretum
D:7:      layout_loops_ring, chequers_serial_rivers_micro_b, minmay_diced_spiral
D:8:      layout_rooms, lair_entry_dummy
D:9:      minmay_the_grid_triangle_9x9_recursive_2_mashed
          [minmay_the_grid_triangle_9x9_prize_top_heavy,
          minmay_the_grid_triangle_9x9_from_above,
          minmay_the_grid_triangle_9x9_dagger,
          minmay_the_grid_triangle_9x9_alien], layout_basic, enter_bailey_3,
          hangedman_feature_mirror, minivault_14, kennysheep_generic_room_3
D:10:     layout_gridville, orc_0_dummy, serial_shops,
          nicolae_inconvenience_store, minivault_16, grunt_livestock
D:11:     layout_stronghold, serial_shops, nicolae_diamond_shop,
          portal_ice_cave_entry_pillars_1
D:12:     layout_loops_ring, uniq_azrael, uniq_maurice
Temple:   compressed_dpeg_triangle_lava_temple
Lair:1:   layout_cave_pods, grunt_megastairs_5, uniq_fannar
Lair:2:   layout_cave_pods, uniq_maggie, uniq_prince_ribbit2
Lair:3:   layout_gridlike, swamp_mist, spider_nest_entry_funnel_web,
          serial_forest, infiniplex_forest_end_double,
          infiniplex_forest_clump_curved, infiniplex_forest_straight_3,
          infiniplex_forest_end_2, infiniplex_forest_zigzag_2,
          infiniplex_forest_straight_3, infiniplex_forest_end_1, special_room
          [special_room_bee], basic_altar
Lair:4:   layout_concentric_octagons, minmay_slime_entry_pillars,
          nicolae_lair_yak_garden, lemuel_fruit_fields
Lair:5:   hangedman_lair_in_review, layout_regular_city, wormcave,
          infiniplex_staircase_pool, uniq_nessos
Swamp:1:  layout_basic_swamp, gammafunk_ghost_grave,
          evilmike_swamp_ruin_rubble_2
Swamp:2:  nicolae_swamp_tree_isthmus, layout_basic_swamp,
          nicolae_swamp_fairy_circle, swamp_pool1
Swamp:3:  layout_falls_marsh, nicolae_swamp_dense_foliage
Spider:1: layout_spider_delve, drop_trap, hellmonk_deceptive_appearances
Spider:2: layout_spider_delve, nicolae_spider_not_touching_you, uniq_donald

Skill      XL: |  1  2  3  4  5  6  7  8  9 10 11 12 13 14 15 16 |
---------------+-------------------------------------------------+-----
Spellcasting   | 3 4 5 6 7 9 10 11 12 13 14 16 17 | 17.0
Fighting       | 1 2 3 4 5 7 8 10 12 14 15 | 15.9
Conjurations   | 4 5 6 7 8 9 10 11 | 11.3
Hexes          | 1 2 3 4 5 |  5.3
Earth Magic    | 2 4 5 6 7 9 |  9.3
Shields        | 3 4 5 |  5.0
Fire Magic     | 2 4 5 |  5.0
Poison Magic   | 2 4 6 |  6.3
Transmutations | 1 4 6 |  6.2
Air Magic      | 2 |  2.2
Dodging        | 3 4 |  4.3
Stealth        | |  1.9
Summonings     | |  0.4

Action                     |  1- 3 |  4- 6 |  7- 9 | 10-12 | 13-15 | 16-18 || total
---------------------------+-------+-------+-------+-------+-------+-------++-------
  Melee: Unarmed           |    11 |       |       |       |       |       ||    11
         Short sword       |    21 |     3 |       |       |       |       ||    24
         Dagger            |       |     3 |    62 |    22 |    29 |     2 ||   118
         Punch             |       |       |     2 |       |       |       ||     2
         Whip              |       |       |       |     8 |       |       ||     8
         Hand axe          |       |       |       |    26 |    21 |       ||    47
   Cast: Magic Dart        |    44 |    10 |     8 |       |       |       ||    62
         Searing Ray       |     8 |    23 |    69 |    19 |     2 |       ||   121
         Fulminant Prism   |       |     4 |    55 |    30 |     3 |       ||    92
         Foxfire           |       |       |    32 |    67 |    36 |       ||   135
         Dazzling Flash    |       |       |     4 |     1 |       |       ||     5
         Mephitic Cloud    |       |       |       |    40 |    64 |     1 ||   105
         Ignite Poison     |       |       |       |    44 |    75 |     6 ||   125
         Olgreb's Toxic Ra |       |       |       |    23 |    58 |     3 ||    84
         Iron Shot         |       |       |       |    48 |   236 |    14 ||   298
         Fireball          |       |       |       |    17 |   104 |     4 ||   125
         Swiftness         |       |       |       |       |     2 |       ||     2
         Eringya's Noxious |       |       |       |       |    13 |     5 ||    18
         Yara's Violent Un |       |       |       |       |     1 |       ||     1
  Evoke: Wand              |       |       |       |     2 |     1 |       ||     3
    Use: Scroll            |       |       |     9 |    14 |    10 |     1 ||    34
   Stab: Sleeping          |       |     1 |       |       |       |       ||     1
         Invisible         |       |       |     1 |       |       |       ||     1
         Confused          |       |       |       |     3 |       |       ||     3
 Armour: Robe              |    15 |     1 |    24 |       |       |       ||    40
         Steam dragon scal |       |       |       |    36 |    83 |    19 ||   138
  Dodge: Dodged            |    24 |    13 |   157 |   116 |   102 |    15 ||   427
  Block: Buckler           |       |       |       |    60 |    77 |     7 ||   144

Table legend: (Time is in decaauts)
 A = Elapsed time spent in this place.
 B = Non-inter-level travel time spent in this place.
 C = Inter-level travel time spent in this place.
 D = Time resting spent in this place.
 E = Time spent auto-exploring this place.
 F = Levels seen in this place.
 G = Mean time per level.
                   A        B        C        D        E       F      G
               +--------+--------+--------+--------+--------+-----+--------+
         Total |  30104 |  28491 |   1613 |   5290 |  18168 |  26 | 1157.8 |
       Dungeon |  15204 |  14560 |    644 |   2030 |  10209 |  12 | 1267.0 |
        Temple |     26 |     14 |     12 |      0 |      3 |   1 |   26.0 |
          Lair |   8249 |   7542 |    707 |   1063 |   5395 |   5 | 1649.8 |
         Swamp |   2741 |   2546 |    195 |    900 |   1243 |   3 |  913.7 |
   Spider Nest |   1925 |   1871 |     54 |    476 |   1090 |   2 |  962.5 |
       Ossuary |    851 |    851 |      0 |    583 |     60 |   1 |  851.0 |
        Bailey |    452 |    452 |      0 |     73 |     95 |   1 |  452.0 |
      Ice Cave |    651 |    651 |      0 |    165 |     72 |   1 |  651.0 |
               +--------+--------+--------+--------+--------+-----+--------+

Top non-repeatable levels by time:
  Lair:5: 2628 daAuts
     D:9: 1801 daAuts
     D:4: 1781 daAuts
     D:7: 1699 daAuts
  Lair:3: 1695 daAuts
  Lair:2: 1572 daAuts
  Lair:1: 1438 daAuts
     D:5: 1406 daAuts
 Swamp:2: 1386 daAuts
     D:1: 1371 daAuts
    D:11: 1350 daAuts
     D:2: 1347 daAuts
     D:6: 1202 daAuts
Spider:2: 1174 daAuts
 Swamp:1: 1161 daAuts
